Map: El Dorado

Players

llllllllllll - Winner!

  • Race: Protoss Protoss
  • League: Platinum
  • Spawn Location: 7:00

peacake

  • Race: Zerg Zerg
  • League: Platinum
  • Spawn Location: 5:00

VOD

Have the link to the VOD?

Description

Time

  • Played on: April 25, 2025, 6:10 a.m.
  • Length: 6:44
Show
View Real Time Build Order
Export as new Build Order

llllllllllll Protoss - Winner!

Build Orders: 1 Gate Expand 

Get SALT Encoding   

  12  0:00  Probe  
  13  0:12  Probe  
  14  0:19  Pylon  
  14  0:24  Probe  
  15  0:33  Probe  
  15  0:39  Gateway  
  15  0:41  Probe  
  16  0:48  Assimilator  
  17  0:52  Probe  
  18  1:04  Probe  
  19  1:16  Probe  
  20  1:29  Nexus  
  20  1:39  Cybernetics Core  
  20  1:43  Assimilator  
  20  1:47  Probe  
  21  1:55  Pylon, Probe  
  22  2:03  Probe  
  22  2:05  Adept  
  25  2:23  Stargate  
  25  2:33  Pylon  
  26  2:57  Pylon  
  26  3:02  Shield Battery  
  26  3:10  Adept  
  26  3:13  Void Ray  
  30  3:36  Adept  
  30  3:37  Shield Battery  
  31  3:45  Pylon  
  31  3:48  Pylon  
  31  4:03  Assimilator x2  
  31  4:29  Warp Gate  
  31  4:34  Nexus  
  31  4:38  Probe  
  31  4:41  Oracle  
  35  4:50  Probe  
  36  5:05  Probe  
  37  5:12  Shield Battery  
  37  5:13  Shield Battery  
  37  5:24  Pylon  
  37  5:34  Probe  
  37  5:35  Void Ray  
  42  5:46  Probe  
  43  5:58  Probe  
  44  6:09  Probe  
  44  6:10  Probe  
  42  6:19  Stalker  
  42  6:21  Probe  
Show
View Real Time Build Order
Export as new Build Order

peacake Zerg 

Build Orders: Pool First 

Get SALT Encoding   

  12  0:02  Drone  
  13  0:15  Drone  
  13  0:18  Overlord  
  14  0:24  Extractor  
  14  0:25  Drone  
  15  0:36  Drone  
  15  0:37  Drone  
  17  0:50  Spawning Pool  
  16  0:58  Drone  
  16  0:59  Drone  
  17  1:09  Drone  
  18  1:39  Hatchery  
  17  1:40  Zergling x4  
  17  1:41  Zergling x2  
  17  1:45  Queen  
  22  2:07  Hatchery  
  21  2:08  Zergling x2  
  22  2:19  Overlord  
  22  2:37  Overlord x2  
  22  2:38  Zergling x2  
  20  2:49  Zergling x2  
  21  2:55  Zergling x6  
  21  2:56  Zergling x2  
  25  3:02  Zergling x2  
  26  3:13  Spine Crawler  
  26  3:16  Zergling x6  
  26  3:19  Zergling x2  
  29  3:23  Zergling x2  
  30  3:29  Zergling x2  
  29  3:46  Queen  
  29  3:58  Queen  
  24  4:20  Spore Crawler  
  22  4:24  Drone  
  23  4:33  Spine Crawler  
  23  4:34  Queen  
  24  4:41  Drone x2  
  24  4:43  Drone  
  27  4:51  Zergling x2  
  27  4:52  Zergling x2  
  29  5:05  Zergling x6  
  32  5:10  Zergling x4  
  32  5:14  Zergling x2  
  35  5:18  Zergling x2  
  37  5:21  Zergling x2  
  37  5:26  Spore Crawler  
Tags
 
Add a new tag
Caveats
  • Supply blocks, unpowered buildings, or Contaminate may cause inaccurate times.
  • Supply counts are checked every 10 seconds.